SNL (28 & UNDER)
KEY WEST BARRACUDAS @ SALEM SILVER SOULS
05/10/2024
 
TOP OF THE 1ST
Key West Barracudas batting - Pitching for Salem Silver Souls : LHP Francisco Nieto
Pitching: LHP Francisco Nieto
Batting: SHB Rodney Birling 0-0: Ground out 4-3 (Groundball, 4)
Batting: RHB Dave Nelson 0-0: SINGLE (Flyball, 7S)
Batting: RHB Carlos Miranda 0-0: Grounds into double play, 4-6-3 (Groundball, 4)
Top of the 1st over - 0 run(s), 1 hit(s), 0 error(s), 0 left on base; Key West 0 - Salem 0
BOTTOM OF THE 1ST
Salem Silver Souls batting - Pitching for Key West Barracudas : LHP Luis Rodríguez
Pitching: LHP Luis Rodríguez
Batting: RHB Jesús Gutiérrez 0-0: Called Strike
0-1: Fly out, F2 (Popup, 23F)
Batting: LHB Bill Smith 0-0: Called Strike
0-1: Ball
1-1: Called Strike
1-2: Ball
2-2: Ground out U3 (Groundball, 3S)
Batting: RHB Juan Vareas 0-0: SINGLE (Line Drive, 9S)
Batting: RHB Gustavo Pagán 0-0: Ball
1-0: Ball
2-0: Called Strike
2-1: Called Strike
2-2: Ball
3-2: Base on Balls
Juan Vareas to second
Batting: LHB Jeff Doss 0-0: 3-RUN HOME RUN (Flyball, 9D), Distance : 402 ft
Batting: LHB Millard Dye 0-0: Ball
1-0: Ball
2-0: Ball
3-0: Called Strike
3-1: Called Strike
3-2: Base on Balls
Batting: RHB Félix García 0-0: Called Strike
0-1: Called Strike
0-2: Fielders Choice at 2nd, 6-4 (Groundball, 6)
Bottom of the 1st over - 3 run(s), 2 hit(s), 0 error(s), 0 left on base; Key West 0 - Salem 3
TOP OF THE 2ND
Key West Barracudas batting - Pitching for Salem Silver Souls : LHP Francisco Nieto
Batting: RHB Ramiro Gámez 0-0: Ball
1-0: Ball
2-0: Called Strike
2-1: Ball
3-1: Foul Ball, location: 2F
3-2: Base on Balls
Batting: RHB Luther Stoffels 0-0: Swinging Strike
0-1: Ball
1-1: Foul Ball, location: 2F
1-2: Ball
2-2: Ball
3-2: Base on Balls
Ramiro Gámez to second
Batting: RHB Kenny Cole 0-0: Ball
1-0: Called Strike
1-1: Foul Ball, location: 2F
1-2: Strikes out swinging
Batting: LHB Jake Wells 0-0: Ball
1-0: Ball
2-0: Ball
3-0: Base on Balls
Ramiro Gámez to third
Luther Stoffels to second
Batting: RHB Victor Baker 0-0: Called Strike
0-1: Foul Ball, location: 2F
0-2: Strikes out looking
Batting: RHB Dan Craft 0-0: Fly out, F8 (Flyball, 8LM)
Top of the 2nd over - 0 run(s), 0 hit(s), 0 error(s), 3 left on base; Key West 0 - Salem 3
BOTTOM OF THE 2ND
Salem Silver Souls batting - Pitching for Key West Barracudas : LHP Luis Rodríguez
Batting: RHB Alejandro Martínez 0-0: Ball
1-0: Ground out 6-3 (Groundball, 6)
Batting: SHB Francis Shaffer 0-0: Ball
1-0: Called Strike
1-1: Foul Ball, location: 2F
1-2: Ball
2-2: Foul Ball, location: 2F
2-2: Ball
3-2: Base on Balls
Batting: RHB Jesús Gutiérrez 0-0: Called Strike
0-1: Called Strike
0-2: Ball
1-2: Grounds into double play, 3-6-1 (Groundball, 3)
Bottom of the 2nd over - 0 run(s), 0 hit(s), 0 error(s), 0 left on base; Key West 0 - Salem 3
TOP OF THE 3RD
Key West Barracudas batting - Pitching for Salem Silver Souls : LHP Francisco Nieto
Batting: SHB Rodney Birling 0-0: Foul Ball, location: 2F
0-1: Swinging Strike
0-2: Foul Ball, location: 2F
0-2: Strikes out looking
Batting: RHB Dave Nelson 0-0: Ball
1-0: Foul Ball, location: 2F
1-1: Foul Ball, location: 2F
1-2: DOUBLE (Line Drive, 89M)
Batting: RHB Carlos Miranda 0-0: Ball
1-0: Ball
2-0: Foul Ball, location: 2F
2-1: Ball
3-1: Called Strike
3-2: Base on Balls
Batting: RHB Ramiro Gámez 0-0: Swinging Strike
0-1: Foul Ball, location: 2F
0-2: Ball
1-2: Ball
2-2: Foul Ball, location: 2F
2-2: Ball
3-2: Base on Balls
Dave Nelson to third
Carlos Miranda to second
Batting: RHB Luther Stoffels 0-0: Ball
1-0: DOUBLE (Line Drive, 89M)
Dave Nelson scores
Carlos Miranda scores
Ramiro Gámez to third
Runner from 3rd tries for Home, SAFE, throw made home
Batting: RHB Kenny Cole 0-0: Called Strike
0-1: Foul Ball, location: 2F
0-2: Fly out, F6 (Line Drive, 6)
Batting: LHB Jake Wells 0-0: Ground out 5-3 (Groundball, 5S)
Top of the 3rd over - 3 run(s), 2 hit(s), 0 error(s), 1 left on base; Key West 3 - Salem 3
BOTTOM OF THE 3RD
Salem Silver Souls batting - Pitching for Key West Barracudas : LHP Luis Rodríguez
Batting: LHB Bill Smith 0-0: Foul Ball, location: 2F
0-1: Reached on error, E4 (Groundball, 34)
Batting: RHB Juan Vareas 0-0: Ball
1-0: Called Strike
1-1: DOUBLE (Line Drive, 9LM)
Bill Smith to third
Batting: RHB Gustavo Pagán 0-0: Swinging Strike
0-1: Swinging Strike
0-2: Ball
1-2: Hit by Pitch
Batting: LHB Jeff Doss 0-0: Called Strike
0-1: Swinging Strike
0-2: Ball
1-2: Strikes out swinging
Batting: LHB Millard Dye 0-0: Ball
1-0: Foul Ball, location: 2F
1-1: Foul Ball, location: 2F
1-2: Foul Ball, location: 2F
1-2: SINGLE (Groundball, 4M)
Bill Smith scores
Juan Vareas to third
Gustavo Pagán to second
Runner from 3rd tries for Home, SAFE, no throw or cutoff
Batting: RHB Félix García 0-0: Ball
1-0: Grounds into double play, 4-6-3 (Groundball, 4)
Bottom of the 3rd over - 2 run(s), 2 hit(s), 1 error(s), 1 left on base; Key West 3 - Salem 5
TOP OF THE 4TH
Key West Barracudas batting - Pitching for Salem Silver Souls : LHP Francisco Nieto
Batting: RHB Victor Baker 0-0: Called Strike
0-1: Ball
1-1: Swinging Strike
1-2: Foul Ball, location: 2F
1-2: Ball
2-2: Strikes out looking
Batting: RHB Dan Craft 0-0: Called Strike
0-1: Ground out 6-3 (Groundball, 6)
Batting: SHB Rodney Birling 0-0: Swinging Strike
0-1: Ball
1-1: Foul Ball, location: 2F
1-2: Fly out, F7 (Line Drive, 7M)
Top of the 4th over - 0 run(s), 0 hit(s), 0 error(s), 0 left on base; Key West 3 - Salem 5
BOTTOM OF THE 4TH
Salem Silver Souls batting - Pitching for Key West Barracudas : LHP Luis Rodríguez
Batting: RHB Alejandro Martínez 0-0: Foul Ball, location: 2F
0-1: Fly out, F4 (Line Drive, 4)
Batting: SHB Francis Shaffer 0-0: Ball
1-0: Ball
2-0: Ball
3-0: Base on Balls
Batting: RHB Jesús Gutiérrez 0-0: Swinging Strike
0-1: Ball
1-1: Fly out, F3 (Popup, 3F)
Batting: LHB Bill Smith 0-0: Ball
1-0: Ball
2-0: Called Strike
2-1: Swinging Strike
2-2: Foul Ball, location: 2F
2-2: Ball
3-2: Strikes out swinging
Bottom of the 4th over - 0 run(s), 0 hit(s), 0 error(s), 1 left on base; Key West 3 - Salem 5
TOP OF THE 5TH
Key West Barracudas batting - Pitching for Salem Silver Souls : LHP Francisco Nieto
Batting: RHB Dave Nelson 0-0: Ball
1-0: Foul Ball, location: 2F
1-1: Ball
2-1: Called Strike
2-2: Ball
3-2: Foul Ball, location: 2F
3-2: Strikes out looking
Batting: RHB Carlos Miranda 0-0: Ball
1-0: Foul Ball, location: 2F
1-1: Ball
2-1: Swinging Strike
2-2: Foul Ball, location: 2F
2-2: Ball
3-2: Base on Balls
Batting: RHB Ramiro Gámez 0-0: 2-RUN HOME RUN (Line Drive, 78XD), Distance : 436 ft
Batting: RHB Luther Stoffels 0-0: Ball
1-0: Ball
2-0: Foul Ball, location: 2F
2-1: Called Strike
2-2: Ball
3-2: Base on Balls
Batting: RHB Kenny Cole 0-0: Called Strike
0-1: Ball
1-1: Foul Ball, location: 2F
1-2: Ball
2-2: Foul Ball, location: 2F
2-2: Strikes out swinging
Batting: LHB Jake Wells 0-0: Ball
Luther Stoffels steals 2nd base
1-0: Swinging Strike
1-1: Ball
2-1: SINGLE (Groundball, 34)
Luther Stoffels to third
Runner from 3rd tries for Home, SAFE, no throw or cutoff
Pitching: RHP Dave Woods
Batting: RHB Victor Baker 0-0: TRIPLE (Line Drive, 78M)
Jake Wells scores
Batting: RHB Dan Craft 0-0: Called Strike
0-1: SINGLE (Flyball, 89S)
Victor Baker scores
Batting: SHB Rodney Birling 0-0: Called Strike
Dan Craft steals 2nd base
0-1: Ball
1-1: Ground out 4-3 (Groundball, 4M)
Top of the 5th over - 5 run(s), 4 hit(s), 0 error(s), 1 left on base; Key West 8 - Salem 5
BOTTOM OF THE 5TH
Salem Silver Souls batting - Pitching for Key West Barracudas : LHP Luis Rodríguez
Batting: RHB Juan Vareas 0-0: Called Strike
0-1: Fly out, F8 (Flyball, 8RM)
Batting: RHB Gustavo Pagán 0-0: Ball
1-0: Ball
2-0: Foul Ball, location: 2F
2-1: Swinging Strike
2-2: Strikes out looking
Batting: LHB Jeff Doss 0-0: Called Strike
0-1: Fly out, F8 (Flyball, 8LXD)
Bottom of the 5th over - 0 run(s), 0 hit(s), 0 error(s), 0 left on base; Key West 8 - Salem 5
TOP OF THE 6TH
Key West Barracudas batting - Pitching for Salem Silver Souls : RHP Dave Woods
Batting: RHB Dave Nelson 0-0: Ball
1-0: Swinging Strike
1-1: Called Strike
1-2: Ball
2-2: Foul Ball, location: 2F
2-2: Strikes out swinging
Batting: RHB Carlos Miranda 0-0: Foul Ball, location: 2F
0-1: Foul Ball, location: 2F
0-2: Ball
1-2: Strikes out swinging
Batting: RHB Ramiro Gámez 0-0: Ball
1-0: Called Strike
1-1: Ground out 4-3 (Groundball, 4MS)
Top of the 6th over - 0 run(s), 0 hit(s), 0 error(s), 0 left on base; Key West 8 - Salem 5
BOTTOM OF THE 6TH
Salem Silver Souls batting - Pitching for Key West Barracudas : LHP Luis Rodríguez
Pitching: RHP Gerald Núńez
Batting: LHB Millard Dye 0-0: Called Strike
0-1: Ball
1-1: Ball
2-1: Called Strike
2-2: Strikes out swinging
Batting: RHB Félix García 0-0: Ball
1-0: Ball
2-0: Ball
3-0: Foul Ball, location: 2F
3-1: Swinging Strike
3-2: Strikes out looking
Batting: RHB Alejandro Martínez 0-0: Swinging Strike
0-1: Ball
1-1: SINGLE (Line Drive, 89S)
Batting: SHB Francis Shaffer 0-0: SINGLE (Groundball, 5D)
Alejandro Martínez to second
Batting: RHB Jesús Gutiérrez 0-0: Called Strike
0-1: Fly out, F8 (Flyball, 8RM)
Bottom of the 6th over - 0 run(s), 2 hit(s), 0 error(s), 2 left on base; Key West 8 - Salem 5
TOP OF THE 7TH
Key West Barracudas batting - Pitching for Salem Silver Souls : RHP Dave Woods
Batting: RHB Luther Stoffels 0-0: Ball
1-0: Ball
2-0: Swinging Strike
2-1: Swinging Strike
2-2: SINGLE (Line Drive, 8LS)
Batting: RHB Kenny Cole 0-0: Ball
1-0: Bunted foul
1-1: Ball
2-1: Ball
3-1: Bunt missed!
3-2: Foul Ball, location: 2F
3-2: Fielders Choice at 2nd, 1-4 (Groundball, 13)
Batting: LHB Jake Wells 0-0: Called Strike
0-1: Swinging Strike
0-2: Ball
1-2: Strikes out swinging
Batting: RHB Victor Baker 0-0: Called Strike
0-1: Ball
1-1: Ball
2-1: Ground out 5-3 (Groundball, 56S)
Top of the 7th over - 0 run(s), 1 hit(s), 0 error(s), 1 left on base; Key West 8 - Salem 5
BOTTOM OF THE 7TH
Salem Silver Souls batting - Pitching for Key West Barracudas : RHP Gerald Núńez
Batting: LHB Bill Smith 0-0: Ball
1-0: Called Strike
1-1: Called Strike
1-2: DOUBLE (Groundball, 3L)
Batting: RHB Juan Vareas 0-0: SINGLE (Line Drive, 7S)
Bill Smith to third
Batting: RHB Gustavo Pagán 0-0: Called Strike
0-1: Ground out 2-3 (Groundball, 25)
Juan Vareas to second
Batting: LHB Jeff Doss 0-0: Swinging Strike
0-1: Ground out 4-3 (Groundball, 13)
Bill Smith scores
Juan Vareas to third
Batting: LHB Millard Dye 0-0: SINGLE (Line Drive, 7S)
Juan Vareas scores
Pinch Hitting: LHB Raúl Cordero 0-0: Ball
1-0: Fly out, F8 (Flyball, 8LD)
Bottom of the 7th over - 2 run(s), 3 hit(s), 0 error(s), 1 left on base; Key West 8 - Salem 7
TOP OF THE 8TH
Key West Barracudas batting - Pitching for Salem Silver Souls : RHP Dave Woods
Now at 1B: Raúl Cordero
Batting: RHB Dan Craft 0-0: Ball
1-0: SINGLE (Line Drive, 7S)
Batting: SHB Rodney Birling
Pinch Hitting: LHB Arturo López 0-0: Sac Bunt - play at first, batter OUT! 2-4
Dan Craft to second
Batting: RHB Dave Nelson 0-0: Called Strike
0-1: 2-RUN HOME RUN (Flyball, 7D), Distance : 392 ft
Batting: RHB Carlos Miranda 0-0: Ball
1-0: SINGLE (Flyball, 89S)
Pitching: RHP Javier Valenzuela
Batting: RHB Ramiro Gámez 0-0: Ball
1-0: Ball
2-0: Foul Ball, location: 2F
2-1: Ball
3-1: Called Strike
3-2: Foul Ball, location: 2F
3-2: Strikes out looking
Batting: RHB Luther Stoffels 0-0: Called Strike
Carlos Miranda steals 2nd base
0-1: SINGLE (Popup, 3D)
Carlos Miranda to third
Runner from 3rd tries for Home, SAFE, no throw or cutoff
Batting: RHB Kenny Cole 0-0: Called Strike
0-1: Ball
1-1: Foul Ball, location: 2F
1-2: Ball
Luther Stoffels is caught stealing 2nd base
Top of the 8th over - 3 run(s), 4 hit(s), 0 error(s), 0 left on base; Key West 11 - Salem 7
BOTTOM OF THE 8TH
Salem Silver Souls batting - Pitching for Key West Barracudas : RHP Gerald Núńez
Pitching: RHP Chris Jones
Now at SS: Richard Sanders
Batting: RHB Alejandro Martínez 0-0: Swinging Strike
0-1: Foul Ball, location: 2F
0-2: Foul Ball, location: 2F
0-2: Foul Ball, location: 2F
0-2: Ball
1-2: Ball
2-2: SINGLE (Groundball, 6)
Batting: SHB Francis Shaffer 0-0: Ball
1-0: Fielders Choice at 2nd, 1-4 (Groundball, 13S)
Batting: RHB Jesús Gutiérrez 0-0: Fly out, F7 (Flyball, 78M)
Batting: LHB Bill Smith 0-0: Called Strike
0-1: Ball
1-1: Fly out, F9 (Line Drive, 89M)
Bottom of the 8th over - 0 run(s), 1 hit(s), 0 error(s), 1 left on base; Key West 11 - Salem 7
TOP OF THE 9TH
Key West Barracudas batting - Pitching for Salem Silver Souls : RHP Javier Valenzuela
Pitching: LHP Pat Candelária
Batting: RHB Kenny Cole 0-0: Ball
1-0: Called Strike
1-1: TRIPLE (Flyball, 78M)
Batting: LHB Jake Wells 0-0: Called Strike
0-1: Foul Ball, location: 2F
0-2: Strikes out looking
Batting: RHB Victor Baker 0-0: Ball
1-0: Ball
2-0: Fly out, F8 (Flyball, 8RM)
Runner from 3rd tags up, SCORES, throw made
Batting: RHB Dan Craft 0-0: Foul Ball, location: 2F
0-1: Foul Ball, location: 2F
0-2: Strikes out swinging
Top of the 9th over - 1 run(s), 1 hit(s), 0 error(s), 0 left on base; Key West 12 - Salem 7
BOTTOM OF THE 9TH
Salem Silver Souls batting - Pitching for Key West Barracudas : RHP Chris Jones
Batting: RHB Juan Vareas 0-0: Called Strike
0-1: Foul Ball, location: 2F
0-2: Ball
1-2: Ground out 4-3 (Groundball, 4)
Batting: RHB Gustavo Pagán 0-0: SINGLE (Groundball, 56)
Batting: LHB Jeff Doss 0-0: Ball
1-0: Called Strike
1-1: Ball
2-1: Foul Ball, location: 2F
2-2: Strikes out swinging
Batting: LHB Millard Dye 0-0: Called Strike
0-1: Foul Ball, location: 2F
0-2: Ball
1-2: Foul Ball, location: 2F
1-2: SINGLE (Groundball, 34)
Gustavo Pagán to second
Runner from 2nd tries for 3rd, SAFE, no throw or cutoff
Batting: LHB Raúl Cordero 0-0: Called Strike
0-1: Ball
1-1: Foul Ball, location: 2F
1-2: Ball
2-2: Ball
Wild Pitch!
Gustavo Pagán scores
Millard Dye to second
3-2: Foul Ball, location: 2F
3-2: Base on Balls
Pitching: LHP Rubén Rojas
Batting: RHB Alejandro Martínez 0-0: Ball
1-0: Called Strike
1-1: Ball
2-1: Swinging Strike
2-2: Ball
3-2: Base on Balls
Millard Dye to third
Raúl Cordero to second
Batting: SHB Francis Shaffer 0-0: Ball
1-0: Called Strike
1-1: Called Strike
1-2: Ball
2-2: Foul Ball, location: 2F
2-2: Ball
3-2: Strikes out looking
Bottom of the 9th over - 1 run(s), 2 hit(s), 0 error(s), 3 left on base; Key West 12 - Salem 8
This league is powered by Out of the Park Baseball, the baseball management simulation game for PC, Mac and Linux
Saturday, April 9th, 2016 - OOTP Baseball 16.8 Build 38